 Dungeon Crawl Stone Soup version 0.28.0-45-g0d030f2227 (webtiles) character file.

Game seed: 11320352170945767993

42 NinjaNoafa the Skirmisher (level 3, -3/33 HPs)
             Began as a Hill Orc Fighter on Apr 4, 2022.
             Slain by Robin
             ... wielding a +0 trident
              (7 damage)
             ... on level 2 of the Dungeon on Apr 5, 2022.
             The game lasted 00:03:41 (1367 turns).

NinjaNoafa the Skirmisher (Hill Orc Fighter)        Turns: 1367, Time: 00:03:42

Health: -3/33      AC:  8    Str: 20    XL:     3   Next: 56%
Magic:  3/3        EV:  9    Int:  8    God:
Gold:   79         SH:  4    Dex:  8    Spells: 2/2 levels left

rFire   . . .      SeeInvis .   a - +0 war axe
rCold   . . .      Faith    .   c - +0 buckler
rNeg    . . .      Spirit   .   b - +0 scale mail
rPois   .          Reflect  .   (no helmet)
rElec   .          Harm     .   m - +0 cloak
rCorr   .          Rampage  .   (no gloves)
Will    .....                   (no boots)
Stlth   ..........              (no amulet)
HPRegen 0.11/turn               (no ring)
MPRegen 0.08/turn               (no ring)

@: mighty
A: hooves 1, clumsy 1
a: no special abilities


You were on level 2 of the Dungeon.
You visited 1 branch of the dungeon, and saw 2 of its levels.

You collected 79 gold pieces.

Inventory:

Hand Weapons
 a - a +0 war axe (weapon)
 g - a +0 hunting sling
Missiles
 l - 25 stones (quivered)
Armour
 b - a +0 scale mail (worn)
 c - a +0 buckler (worn)
 m - a +0 cloak (worn)
Scrolls
 i - a scroll of fog
 k - a scroll of fear {unknown}
 n - a scroll of amnesia {unknown}


   Skills:
 * Level 4.2 Fighting
 + Level 3.2 Axes
 * Level 4.0 Armour
 + Level 3.5 Shields


You had 2 spell levels left.
You didn't know any spells.
Your spell library was empty.

Dungeon Overview and Level Annotations

Branches:
Dungeon (2/15)

Altars:

Annotations:
D:2 Robin


Innate Abilities, Weirdness & Mutations

You have large cloven feet.
You are clumsy. (Dex -2)


Message History

Robin is attracted toward you. Robin is attracted toward you.
You see here a rat corpse.
Robin is attracted toward you. Robin is attracted toward you.
Robin is attracted toward you. Robin is attracted toward you.
A ball python comes into view.
The ball python hisses angrily.
A bat comes into view.
Robin roars a battlecry!
The hobgoblin goes into a battle-frenzy!
Robin is attracted toward you.
The ball python is attracted toward you.
The bat is attracted toward you. The ball python misses you.
The ball python closely misses you. Robin is attracted toward you.
There is an open door here.
You block the ball python's attack. The ball python grabs you.
The ball python constricts you.
You escape the ball python's grasp.
Robin says, "Feeling lonely?"
The hobgoblin is attracted toward you. Robin is attracted toward you.
The bat hits you but does no damage.
Sorry, you're not good enough to have a special ability.
The bat barely misses you.
You see here a +0 rapier.
The bat hits you but does no damage. You block the bat's attack.
Robin is attracted toward you.
You are not religious.
As you read the scroll labelled JOIRUE DONAG, it crumbles to dust.
It is a scroll of identify.
i - a scroll of fog The bat misses you.
You block the hobgoblin's attack. Robin barely misses you.
You feel less attractive to monsters. The bat hits you.
* * * LOW HITPOINT WARNING * * *
Robin hits you from afar with a +0 trident!
You die...

.. ##...##
##.....##
##.8...8.##
##.#.....#.##
#...8...8...#
+.....ยง.....+
#...8.gS8...#
##.#..gb.#.##
##.8.@.8.##
##.....##
##...## ##+##


You could see Robin, a hobgoblin (strong), a bat and a ball python.

Vanquished Creatures
  A dart slug (D:1)
  2 endoplasms (D:1)
  A giant cockroach (D:2)
  5 hobgoblins
  2 ball pythons (D:1)
  A bat (D:2)
  14 frilled lizards
  9 goblins
  A kobold (D:1)
  6 rats
42 creatures vanquished.

Vanquished Creatures (others)
  5 plants (D:1)
5 creatures vanquished.

Grand Total: 47 creatures vanquished

Notes
Turn   | Place    | Note
-------+----------+-------------------------------------------
     0 | D:1      | NinjaNoafa the Hill Orc Fighter began the quest for the
                  | Orb.
     0 | D:1      | Reached XP level 1. HP: 19/19 MP: 1/1
   320 | D:1      | Reached XP level 2. HP: 27/27 MP: 2/2
   901 | D:1      | Reached XP level 3. HP: 33/33 MP: 3/3
  1195 | D:2      | Noticed Robin
  1200 | D:2      | Gained mutation: You are clumsy. (Dex -2) [potion of
                  | mutation]
  1200 | D:2      | Gained mutation: You have large cloven feet. [potion of
                  | mutation]
  1367 | D:2      | Slain by Robin

Illustrated notes

Levels and vault maps discovered:
D:1:      heliophobic_arrival_enchanted_forest, layout_basic,
          grunt_decor_clamped, minmay_lizard_king
D:2:      layout_basic, serial_shops, shop_scrolls, dk_noncrumbling_3,
          uniq_natasha, uniq_robin

Skill      XL: |  1  2  3 |
---------------+----------+-----
Fighting       | 4 |  4.2
Axes           | 3 |  3.2
Armour         | 4 |  4.0
Shields        | |  3.5

Action                   || total
-------------------------++-------
Melee: War axe           ||    82
       Kick              ||     2
  Use: Potion            ||     3
       Scroll            ||     2
Armor: Scale mail        ||    52
Dodge: Dodged            ||    43
Block: Buckler           ||    19
